 Dungeon Crawl Stone Soup version 0.25.0-3-gd7cc568 (webtiles) character file.

Game seed: 7118494847258191784

1033 ratboy the Carver (level 8, -8/63 HPs)
             Began as a Minotaur Berserker on June 14, 2020.
             Was an Initiate of Hepliaklqana.
             Mangled by a polar bear (15 damage)
             ... created by the rage of Trog
             ... on level 4 of the Dungeon.
             The game lasted 00:08:58 (4624 turns).

ratboy the Carver (Minotaur Berserker)              Turns: 4624, Time: 00:08:59

Health: -8/63      AC: 12    Str: 23    XL:     8   Next: 3%
Magic:  16/16      EV:  7    Int:  4    God:    Hepliaklqana [......]
Gold:   313        SH:  0    Dex: 11    Spells: 7/7 levels left

rFire    . . .     SeeInvis .   a - +0 falchion
rCold    . . .     Gourm    .   (no shield)
rNeg     . . .     Faith    .   j - +0 plate armour
rPois    .         Spirit   .   (helmet restricted)
rElec    .         Reflect  .   B - scarf {+Inv}
rCorr    +         Harm     .   (no gloves)
MR       .....                  (no boots)
Stlth    ..........             n - amulet of magic regeneration
HPRegen  0.20/turn              m - ring of resist corrosion
MPRegen  0.40/turn              f - ring of magical power

@: about to teleport, lightly drained
A: retaliatory headbutt, reduced essence, horns 2
a: Recall Ancestor, Ancestor Identity, Renounce Religion, Evoke Invisibility


You were on level 4 of the Dungeon.
You worshipped Hepliaklqana.
Hepliaklqana was noncommittal.
You were not hungry.

You visited 1 branch of the dungeon, and saw 5 of its levels.

You collected 313 gold pieces.

Inventory:

Hand Weapons
 a - a +0 falchion (weapon)
 p - a +3 short sword of holy wrath
Missiles
 i - 9 poisoned darts (quivered)
 w - 62 stones
Armour
 j - a +0 plate armour (worn)
 A - the +5 scale mail of Fashionability {+Fly rElec rC- Str+3}
   (You found it on level 4 of the Dungeon)

   It affects your strength (+3).
   It makes you vulnerable to cold.
   It insulates you from electricity.
   It lets you fly.
 B - a scarf of invisibility (worn)
Jewellery
 f - a ring of magical power (right hand)
 m - a ring of resist corrosion (left hand)
 n - an amulet of magic regeneration (around neck)
 E - an uncursed ring of magical power
Wands
 t - a wand of acid (6)
 C - a wand of paralysis (11)
 F - a wand of iceblast (9)
Scrolls
 d - 7 scrolls of identify
 h - a scroll of magic mapping {unknown}
 l - a scroll of noise {unknown}
 q - 2 scrolls of remove curse {unknown}
 s - 2 scrolls of blinking
 v - 2 scrolls of teleportation
 y - a scroll of enchant armour {unknown}
Potions
 b - a potion of invisibility {unknown}
 e - a potion of brilliance {unknown}
 g - a potion of stabbing {unknown}
 k - a potion of lignification {unknown}
 o - a potion of magic {unknown}
 r - a potion of ambrosia {unknown}
 u - 3 potions of curing {unknown}
 x - a potion of degeneration {unknown}
 D - 2 potions of haste {unknown}
Comestibles
 c - 9 rations
 z - 2 chunks of flesh


   Skills:
 + Level 6.6(6.1) Fighting
 * Level 8.3(7.8) Long Blades
 + Level 6.5(6.1) Armour
 - Level 2.1(1.7) Dodging


You had 7 spell levels left.
You didn't know any spells.
Your spell library was empty.

Dungeon Overview and Level Annotations

Branches:
Dungeon (5/15)
 Temple: D:4-7

Altars:
Hepliaklqana
Vehumet

Shops:
D:4 =


Innate Abilities, Weirdness & Mutations

You reflexively headbutt those who attack you in melee.
You have a pair of horns on your head.
Your life essence is reduced to manifest your ancestor. (-10% HP)


Message History

The black bear is moderately wounded.
The polar bear rages.
The black bear bites you but does no damage.
The black bear claws you.
The black bear claws you but does no damage.
The polar bear bites you!
The polar bear claws you but does no damage.
The polar bear claws you.
Your plate armour prevents you from hitting the black bear.
The black bear is moderately wounded.
The polar bear bites you!!
* * * LOW HITPOINT WARNING * * *
The polar bear barely misses you.
The polar bear claws you but does no damage.
The black bear bites you!
* * * LOW HITPOINT WARNING * * *
The black bear barely misses you.
The black bear claws you but does no damage.
The polar bear bites you!
You die...

#.#
#..###.####.#
#.# #.#...## #.#
#.# #.##.## #.#
#.####.##.# #.#
#......##.# #.#
#.........#
##.##
###########
##hhh##
##.#h#.##
#########
#.##H##.########
#.......#
#.##hhh........#
..#####.#
#.#####.######.#
#.#
#.#######.###.##
#.# ..#
#........#...##
#.# #(#
#.######.#####
#.# #.#####.#
#.# #.#
#.......# #.#
#.#####
###.##### #.#
#.....#


You could see 4 polar bears and 3 black bears.

Vanquished Creatures
  An ogre (D:4)
  A phantom (D:5)
  A centaur (D:5)
  A scorpion (D:2)
  2 howler monkeys (D:4)
  A crimson imp (D:5)
  2 hounds
  An iguana (D:4)
  Ijyb (D:4)
  3 orc wizards
  2 worker ants (D:4)
  A hound skeleton (D:4)
  A worker ant zombie (D:5)
  3 gnolls (D:4)
  4 adders
  7 worms
  4 dart slugs
  5 leopard geckos
  10 orcs
  4 giant cockroaches
  7 goblins
  5 hobgoblins
  5 jackals
  3 quokkas
  A ball python (D:5)
  7 bats
  7 frilled lizards
  A giant cockroach zombie (D:5)
  3 kobolds
  9 rats
103 creatures vanquished.

Vanquished Creatures (collateral kills)
  A sky beast (D:5)
  An orc (D:5)
  2 jackals (D:5)
4 creatures vanquished.

Vanquished Creatures (others)
  A phantom (D:4)
  An ancestor (D:5)
  A frilled lizard (D:3)
3 creatures vanquished.

Grand Total: 110 creatures vanquished

Notes
Turn   | Place    | Note
-------+----------+-------------------------------------------
     0 | D:1      | ratboy the Minotaur Berserker began the quest for the Orb.
     0 | D:1      | Reached XP level 1. HP: 19/19 MP: 0/0
   127 | D:1      | You fall into a shaft and drop 1 floor!
   184 | D:2      | Reached skill level 4 in Long Blades
   192 | D:2      | Reached XP level 2. HP: 27/27 MP: 1/1
   856 | D:1      | Reached XP level 3. HP: 34/34 MP: 2/2
  1443 | D:2      | Reached XP level 4. HP: 41/41 MP: 3/3
  1559 | D:2      | Reached skill level 5 in Long Blades
  2106 | D:3      | Reached ** piety under Trog
  2116 | D:3      | Reached XP level 5. HP: 47/47 MP: 4/4
  2559 | D:3      | Found a radiant altar of Vehumet.
  3090 | D:4      | Reached skill level 5 in Fighting
  3135 | D:4      | Noticed an ogre
  3148 | D:4      | Killed an ogre
  3148 | D:4      | Reached skill level 6 in Long Blades
  3148 | D:4      | Reached XP level 6. HP: 56/56 MP: 5/5
  3151 | D:4      | Reached skill level 5 in Armour
  3270 | D:4      | Reached XP level 7. HP: 21/62 MP: 6/6
  3669 | D:4      | Got an ichor-stained scale mail
  3680 | D:4      | Identified the +5 scale mail of Fashionability {+Fly rElec
                  | rC- Str+3} (You found it on level 4 of the Dungeon)
  3708 | D:4      | Reached skill level 7 in Long Blades
  3883 | D:4      | Noticed Ijyb
  3887 | D:4      | Killed Ijyb
  3911 | D:4      | Found a hazy altar of Hepliaklqana.
  3922 | D:4      | Found Siuwusch's Jewellery Boutique.
  3948 | D:4      | Fell from the grace of Trog
  3948 | D:4      | Became a worshipper of Hepliaklqana the Forgotten
  3949 | D:4      | welp, I'm gonna dia
  3949 | D:4      | die
  4113 | D:5      | Entered Level 5 of the Dungeon
  4504 | D:5      | Reached skill level 8 in Long Blades
  4579 | D:5      | Reached XP level 8. HP: 63/63 MP: 7/7
  4582 | D:5      | Noticed a polar bear
  4582 | D:5      | Noticed a polar bear
  4621 | D:4      | Noticed a polar bear
  4621 | D:4      | Noticed a polar bear
  4621 | D:4      | Noticed a polar bear
  4621 | D:4      | Noticed a polar bear
  4624 | D:4      | Mangled by a polar bear

Illustrated notes

#.. #........# #.# #.#
#∩# #># #.# #.# #####.#
#.# #.....# ###'###.##
#≈≈.≈≈#..# ###≈♣R♣≈#..#
#.# ## #.+..H..+..# #.#
... #.#≈♣.♣≈#..######?
#.##.#####
#.#≈≈.≈≈#......... .....
.....##.###'###.........
....
#.........###.######.
..# ####.#.##.# #.# ..#
#.#.# #.##.# ..# #.#..
#...# .## #.###. ####


Turn 3949 on D:4: welp, I'm gonna dia

Levels and vault maps discovered:
D:1:      heliophobic_arrival_battle_scene, layout_loops_cross
D:2:      minmay_razor_zed, layout_rooms, kennysheep_cross_room,
          minmay_misc_feat_rows, kennysheep_generic_room_14
D:3:      layout_loops_corners, fiery_altar_vehumet, serial_forest,
          infiniplex_forest_lined_1, infiniplex_forest_lined_corner,
          infiniplex_forest_end_1, infiniplex_forest_clump_cross,
          infiniplex_forest_lined_room_2, infiniplex_forest_end_2,
          infiniplex_forest_straight_2, first_ration
D:4:      layout_loops_ring, kennysheep_little_box, serial_shops, shop,
          uniq_ijyb
D:5:      layout_basic, roderic_roman_lattice

Skill      XL: |  1  2  3  4  5  6  7 |
---------------+----------------------+-----
Fighting       | 4 5 6 |  6.6
Long Blades    | 4 5 6 8 |  8.3
Armour         | 3 4 5 6 |  6.5
Dodging        | |  2.1

Action                   |  1- 3 |  4- 6 |  7- 9 || total
-------------------------+-------+-------+-------++-------
Melee: Falchion          |    59 |   114 |    81 ||   254
       Headbutt          |    10 |    23 |    28 ||    61
Invok: Berserk           |     3 |     4 |       ||     7
  Use: Scroll            |       |     1 |     2 ||     3
  Eat: Chunk             |     4 |     9 |     6 ||    19
Armor: Animal skin       |     6 |       |       ||     6
       Plate armour      |    14 |    58 |    65 ||   137
Dodge: Dodged            |    39 |    40 |    28 ||   107
       Rpst.: Falchion   |    15 |     9 |     8 ||    32
